Map: [ESL] Cosmic Sapphire

Players

GogojOey

  • Race: Zerg Zerg
  • Spawn Location: 5:00

ButAlways - Winner!

  • Race: Protoss Protoss
  • Spawn Location: 11:00

Event: DreamHack SC2 Masters 2022 Atlanta (Online)

VOD

Have the link to the VOD?

Description

Time

  • Played on: Sept. 29, 2022, 8:39 a.m.
  • Length: 11:22

All games in this series

Show
View Real Time Build Order
Export as new Build Order

GogojOey Zerg 

Build Orders: Hatch First 

Get SALT Encoding   

  12  0:00  Drone  
  13  0:12  Overlord  
  13  0:17  Drone  
  14  0:30  Drone  
  14  0:31  Drone  
  16  0:39  Drone  
  17  0:51  Drone  
  17  0:55  Hatchery  
  17  0:57  Drone  
  18  1:05  Extractor  
  17  1:12  Spawning Pool  
  17  1:15  Drone  
  17  1:19  Drone  
  18  1:28  Drone  
  19  1:38  Drone  
  20  1:49  Drone  
  21  2:00  Zergling x2  
  22  2:06  Metabolic Boost, Queen  
  22  2:07  Queen  
  22  2:08  Zergling x2  
  27  2:10  Overlord  
  27  2:20  Drone  
  28  2:32  Drone, Hatchery  
  28  2:34  Drone  
  29  2:40  Zergling x2, Drone  
  31  2:46  Queen  
  33  2:52  Overlord  
  33  2:57  Drone x2  
  35  3:09  Zergling x2  
  35  3:10  Queen  
  35  3:11  Drone x2  
  40  3:16  Drone x2  
  40  3:17  Drone  
  43  3:25  Overlord  
  43  3:26  Drone  
  44  3:33  Overlord  
  44  3:43  Queen  
  44  3:47  Drone x7  
  52  3:51  Drone, Evolution Chamber  
  53  3:55  Drone  
  53  3:59  Drone x3  
  56  4:06  Spore Crawler  
  56  4:07  Spore Crawler  
  56  4:08  Spore Crawler  
  56  4:09  Drone  
  54  4:17  Zerg Melee Weapons Level 1  
  54  4:22  Drone  
  54  4:23  Drone x2  
  57  4:25  Overlord x2  
  57  4:33  Baneling Nest  
  57  4:34  Overlord x2  
  56  4:43  Extractor  
  56  4:45  Lair  
  55  4:46  Drone x5  
  55  4:50  Drone x4  
  64  4:53  Overlord  
  64  4:58  Zergling x2  
  65  5:01  Zergling x6  
  65  5:02  Zergling x2  
  69  5:08  Zergling x8  
  72  5:15  Overlord  
  72  5:18  Baneling x4  
  72  5:19  Zergling x10  
  72  5:20  Zergling x2  
  78  5:30  Roach Warren  
  78  5:31  Drone x4  
  78  5:32  Drone x2  
  82  5:43  Drone x5  
  81  5:53  Drone x5  
  81  5:55  Extractor  
  79  5:57  Hydralisk Den  
  79  5:59  Drone  
  79  6:00  Drone x2  
  81  6:04  Overlord  
  81  6:05  Zergling x4  
  81  6:10  Zergling x4  
  85  6:14  Hatchery  
  85  6:17  Extractor  
  85  6:18  Extractor  
  82  6:20  Zergling x8  
  82  6:24  Queen  
  88  6:28  Grooved Spines, Hydralisk x5  
  88  6:29  Zergling x2  
  88  6:30  Zergling x6  
  101  6:42  Overlord x2  
  101  6:47  Zergling x2, Hydralisk  
  101  6:48  Zergling x2  
  101  6:49  Overlord  
  101  6:54  Zerg Melee Weapons Level 2  
  105  6:55  Zergling x2  
  105  6:58  Overlord  
  106  7:02  Zergling x16  
  114  7:09  Hydralisk  
  114  7:12  Zergling x2  
  114  7:13  Zergling x2  
  114  7:14  Queen  
  120  7:21  Hydralisk  
  120  7:22  Zergling x6  
  112  7:30  Zergling x6, Hydralisk  
  112  7:36  Drone x2  
  115  7:37  Hydralisk  
  115  7:38  Zergling x6  
  115  7:39  Muscular Augments  
  115  7:42  Queen  
  115  7:43  Centrifugal Hooks  
  122  7:44  Zergling x2  
  122  7:45  Zergling x12, Hatchery  
  120  7:54  Drone x4  
  121  8:01  Hydralisk  
  121  8:02  Zergling x4  
  121  8:03  Baneling  
  121  8:04  Baneling x7  
  125  8:06  Drone  
  125  8:08  Hydralisk  
  125  8:09  Zergling x4  
  125  8:11  Spore Crawler  
  129  8:13  Baneling x6  
  129  8:14  Zergling x10  
  134  8:22  Drone x4  
  134  8:24  Overlord x2  
  138  8:28  Zergling x2, Hydralisk  
  138  8:29  Zergling x4  
  143  8:34  Baneling x9  
  143  8:37  Zergling x2  
  144  8:44  Baneling  
  144  8:46  Zergling x2  
  144  8:47  Zergling x20  
  147  8:55  Zergling x8, Hydralisk  
  133  9:01  Hydralisk  
  133  9:02  Zergling x4, Hydralisk x2  
  124  9:10  Zerg Missile Weapons Level 1  
  124  9:13  Zergling x2, Hydralisk  
  124  9:14  Zergling x16  
  126  9:21  Baneling x9  
  126  9:22  Zergling x2  
  126  9:23  Zergling x2  
  128  9:30  Hydralisk  
  128  9:31  Zergling x14  
  128  9:39  Drone x2  
  128  9:43  Baneling x7  
  128  9:44  Zergling x2  
  131  9:49  Hatchery  
  131  9:51  Zergling x14  
  110  10:04  Hydralisk  
  110  10:05  Zergling x22  
  113  10:09  Hydralisk x3  
  113  10:10  Zergling x2  
  106  10:15  Hydralisk x3  
  106  10:21  Baneling x6  
  100  10:23  Hydralisk  
  100  10:24  Zergling x4  
Show
View Real Time Build Order
Export as new Build Order

ButAlways Protoss - Winner!

Build Orders: 1 Gate Expand, Oracle Opening, Zealot Archon 

Get SALT Encoding   

  12  0:00  Probe  
  13  0:12  Probe  
  14  0:20  Pylon  
  14  0:24  Probe  
  15  0:38  Probe (Chrono Boost), Gateway  
  16  0:48  Probe (Chrono Boost)  
  17  0:50  Assimilator  
  17  0:53  Probe (Chrono Boost)  
  18  1:04  Probe  
  19  1:16  Probe  
  20  1:23  Nexus  
  20  1:34  Cybernetics Core  
  20  1:37  Probe  
  21  1:44  Assimilator  
  21  1:49  Probe  
  21  1:53  Pylon  
  22  2:01  Probe  
  23  2:09  Adept (Chrono Boost), Probe  
  26  2:17  Probe  
  26  2:21  Stargate  
  28  2:30  Probe (Chrono Boost)  
  28  2:32  Adept  
  28  2:34  Warp Gate  
  28  2:36  Probe (Chrono Boost)  
  32  2:45  Probe x2 (Chrono Boost)  
  32  2:50  Probe (Chrono Boost)  
  32  2:52  Probe  
  34  3:01  Oracle (Chrono Boost)  
  34  3:02  Probe  
  34  3:04  Probe  
  39  3:14  Probe  
  39  3:16  Probe  
  39  3:17  Pylon  
  41  3:26  Probe  
  42  3:28  Probe  
  43  3:34  Nexus  
  43  3:37  Shield Battery  
  43  3:39  Probe  
  43  3:47  Void Ray (Chrono Boost)  
  45  3:49  Probe  
  45  3:55  Probe  
  47  3:56  Pylon  
  47  4:01  Probe, Assimilator  
  48  4:04  Assimilator  
  48  4:07  Probe  
  49  4:13  Probe  
  50  4:19  Probe, Pylon  
  50  4:22  Adept  
  53  4:25  Probe  
  53  4:27  Twilight Council  
  53  4:29  Forge  
  54  4:31  Probe  
  56  4:38  Probe (Chrono Boost)  
  57  4:47  Probe (Chrono Boost)  
  57  4:48  Probe (Chrono Boost)  
  57  4:52  Blink (Chrono Boost)  
  59  4:53  Gateway x2  
  59  4:55  Probe (Chrono Boost)  
  59  4:57  Probe (Chrono Boost), Pylon  
  59  4:58  Protoss Ground Weapons Level 1 (Chrono Boost), Probe (Chrono Boost)  
  59  4:59  Stalker  
  63  5:05  Probe (Chrono Boost)  
  63  5:07  Probe (Chrono Boost)  
  65  5:08  Probe (Chrono Boost)  
  65  5:10  Probe (Chrono Boost)  
  65  5:14  Probe  
  68  5:17  Gateway  
  68  5:18  Probe  
  68  5:20  Probe  
  70  5:24  Templar Archives  
  70  5:26  Probe  
  71  5:30  Probe  
  71  5:32  Gateway, Probe  
  71  5:33  Gateway  
  73  5:35  Stalker  
  75  5:43  Probe x2  
  77  5:50  Stalker  
  77  5:51  Stalker  
  77  5:53  Probe  
  77  5:56  Gateway  
  82  5:58  Gateway  
  82  6:01  Photon Cannon  
  82  6:04  Probe  
  82  6:07  Pylon, Psionic Storm  
  82  6:10  Assimilator, Pylon  
  83  6:12  Pylon  
  83  6:13  Shield Battery  
  83  6:14  Assimilator  
  83  6:15  Sentry  
  85  6:25  Probe x2  
  85  6:31  High Templar  
  85  6:32  High Templar  
  91  6:34  Pylon  
  91  6:37  Archon  
  91  6:38  Pylon  
  91  6:39  Charge (Chrono Boost), Zealot x2  
  95  6:40  Zealot x2  
  99  6:50  Nexus  
  99  6:56  High Templar x2, Pylon  
  99  6:59  Shield Battery, Photon Cannon  
  99  7:00  Archon  
  103  7:02  Protoss Ground Weapons Level 2 (Chrono Boost)  
  103  7:04  Stalker  
  105  7:09  Zealot x2  
  105  7:13  Zealot x2  
  113  7:20  Photon Cannon  
  111  7:35  High Templar x4  
  111  7:36  Zealot x4  
  97  7:43  Gateway  
  97  7:44  Archon  
  97  7:45  Archon  
  97  7:46  Gateway  
  91  7:58  Probe x2  
  84  7:59  High Templar x2  
  84  8:00  Probe  
  84  8:02  Probe  
  90  8:05  Zealot x2  
  90  8:09  Zealot x4  
  90  8:10  Probe  
  90  8:11  Assimilator  
  103  8:14  Shield Battery  
  103  8:18  Shield Battery  
  103  8:21  Probe  
  103  8:23  Photon Cannon  
  103  8:25  Shield Battery, Pylon  
  103  8:26  Pylon  
  104  8:27  High Templar x2  
  104  8:32  Photon Cannon  
  104  8:33  Shield Battery, Archon  
  104  8:34  Zealot, High Templar x2  
  110  8:35  Zealot x2  
  110  8:39  Assimilator  
  116  8:51  Zealot x3  
  116  8:55  Zealot x3  
  104  9:00  Zealot x2  
  106  9:09  Gateway, High Templar x2  
  108  9:10  Gateway  
  108  9:15  High Templar x2  
  106  9:19  Zealot x2  
  106  9:20  Zealot x3  
  116  9:29  Archon  
  108  9:39  Zealot x3  
  108  9:40  Zealot x3  
  108  9:45  High Templar x2, Fleet Beacon  
  124  9:46  Stargate  
  124  9:50  Zealot x2  
  110  10:00  Zealot x5  
  114  10:09  Zealot x3  
  114  10:17  High Templar x4  
  120  10:25  Zealot x5, Archon  
  120  10:26  Archon  
Tags
 
Add a new tag
Caveats
  • Supply blocks, unpowered buildings, or Contaminate may cause inaccurate times.
  • Supply counts are checked every 10 seconds.